 Dungeon Crawl Stone Soup version 0.29-a0-817-g9904bce7a6 (webtiles) character file.

Game seed: 865125225045713128

182 frimble the Poker (level 5, -1/47 HPs)
             Began as a Minotaur Monk on July 6, 2022.
             Killed from afar by an orc wizard (7 damage)
             ... with a puff of flame
             ... on level 3 of the Dungeon.
             The game lasted 00:02:38 (2327 turns).

frimble the Poker (Minotaur Monk)                   Turns: 2327, Time: 00:02:39

Health: -1/47      AC:  2    Str: 16    XL:     5   Next: 34%
Magic:  4/4        EV: 17    Int:  9    God:
Gold:   41         SH:  0    Dex: 12    Spells: 4/4 levels left

rFire   . . .      SeeInvis .   a - +1 spear
rCold   + . .      Faith    .   (no shield)
rNeg    . . .      Spirit   .   b - +0 robe
rPois   +          Reflect  .   (helmet restricted)
rElec   .          Harm     .   (no cloak)
rCorr   .          Rampage  .   (no gloves)
Will    .....                   (no boots)
Stlth   ++........              (no amulet)
HPRegen 0.15/turn               h - ring "Tuick" {rPois rC+ EV+4}
MPRegen 0.09/turn               (no ring)

@: no status effects
A: horns 2, retaliatory headbutt
a: no special abilities


You were on level 3 of the Dungeon.
You visited 1 branch of the dungeon, and saw 3 of its levels.

You collected 183 gold pieces.
You spent 142 gold pieces at shops.

Inventory:

Hand Weapons
 a - a +1 spear (weapon)
Missiles
 j - a throwing net (quivered)
Armour
 b - a +0 robe (worn)
Jewellery
 h - the ring "Tuick" (left hand) {rPois rC+ EV+4}
   (You acquired it on level 1 of the Dungeon)

   [ring of evasion]

   EV:        It affects your evasion (+4).
   rC:        It protects you from cold.
   rPois:     It protects you from poison.
Scrolls
 d - a scroll of noise
 m - a scroll of magic mapping
 n - a scroll of blinking
 o - a scroll of silence {unknown}
Potions
 c - a potion of ambrosia
 e - 2 potions of lignification {unknown}
 f - a potion of flight {unknown}
 g - a potion of cancellation {unknown}
 i - 2 potions of degeneration {unknown}
 k - a potion of curing {unknown}
 l - a potion of brilliance {unknown}


   Skills:
 + Level 4.8 Fighting
 + Level 4.8 Polearms
 + Level 2.0 Throwing
 + Level 4.3 Dodging
 - Level 2.0 Stealth


You had 4 spell levels left.
You didn't know any spells.
Your spell library contained the following spells:

 Spells                   Type           Power      Damage    Failure   Level
 Sublimation of Blood     Necr           0%         N/A       52%         2
 Wereblood                Tmut           0%         N/A       52%         2
 Summon Hydra             Summ           0%         N/A       100%        7


Dungeon Overview and Level Annotations

Branches:
Dungeon (3/15)

Altars:

Shops:
D:2 ?[[:   D:3 *

Annotations:
D:2 Sigmund


Innate Abilities, Weirdness & Mutations

You have a pair of horns on your head.
You reflexively headbutt those who attack you in melee.


Message History

You reach to attack!
The orc shouts!
You hit the orc but do no damage.
Reach: a) +1 spear
Press: ? - help, Dir - move target, f/p - orc
Aim: an orc, wielding a +0 war axe and wearing a +0 chain mail (about 28% to evade your +1 spear)
You hit the orc. Your headbutt misses the orc.
The orc is moderately wounded.
You hit the orc but do no damage.
The orc is moderately wounded.
The orc closely misses you.
The orc wizard casts a spell.
The orc wizard flickers and vanishes!
Deactivating autopickup; reactivate with Ctrl-A.
You barely miss the orc.
The orc is moderately wounded.
The orc misses you. You furiously retaliate!
You headbutt the orc.
You kill the orc!
You completely miss something. Something hits you.
You hit something. Your punch misses something. Something hits you.
You hit something but do no damage. You headbutt something.
The orc priest mumbles some strange prayers to Beogh against you.
Beogh smites you! Something hits you.
Throw: 2 throwing nets
Press: ? - help, Q - select action Shift-Dir - straight line, f - orc priest
Aim: an orc priest, wielding a +0 club (60% to hit)
You throw a throwing net.
Something gets caught in the net!
The orc priest invokes the aid of Beogh against you.
Beogh smites you!
* * * LOW HITPOINT WARNING * * *
You hear some strange, mumbled words.
Something tries to affect you, but you resist.
Something wriggles in the net.
You hit something. You headbutt something. You barely miss something.
You closely miss something. You headbutt something.
You hear some strange, mumbled words.
A puff of flame appears from out of thin air!
The puff of flame hits you!
You die...

## #≈≈.........
#. #≈..)#.#####
#.##..#.#.#
#.#.#...#.##
#............
##.##.....#.#.###
............#.#
##.####.##### # .
#@# #{# ##o##
#.o.# #.....#
#..?....#
#.........#
+.........+
#.........#


You could see an orc priest and an orc.

Vanquished Creatures
  A vampire bat (D:3)
  2 adders (D:2)
  A worm (D:2)
  3 fire bats (D:3)
  2 orcs (D:3)
  2 spectral bats (D:3)
  3 bat skeletons (D:3)
  A bat zombie (D:3)
  4 endoplasms
  2 giant cockroaches (D:1)
  3 goblins
  3 hobgoblins
  4 jackals
  A quokka (D:1)
  5 ball pythons
  10 bats
  A bat simulacrum (D:3)
  4 frilled lizards
  2 kobolds
  3 rats
57 creatures vanquished.

Notes
Turn   | Place    | Note
-------+----------+-------------------------------------------
     0 | D:1      | frimble the Minotaur Monk began the quest for the Orb.
     0 | D:1      | Reached XP level 1. HP: 19/19 MP: 0/0
   465 | D:1      | Reached XP level 2. HP: 27/27 MP: 1/1
   922 | D:1      | Identified a scroll of acquirement
   922 | D:1      | Acquired the ring "Tuick" {rPois rC+ EV+4}
  1194 | D:2      | Found Cinwol's Book Emporium.
  1302 | D:2      | Reached XP level 3. HP: 30/33 MP: 2/2
  1567 | D:2      | Found Lirghedghu's Armour Boutique.
  1640 | D:2      | Found Piepnal's Magic Scroll Shoppe.
  1649 | D:2      | Bought a scroll of blinking for 90 gold pieces
  1872 | D:2      | Found Jiofaub's Armour Emporium.
  1878 | D:2      | Noticed Sigmund
  1947 | D:3      | Reached skill level 1 in Throwing
  1949 | D:3      | Reached XP level 4. HP: 40/41 MP: 3/3
  1999 | D:3      | Reached XP level 5. HP: 47/47 MP: 4/4
  2214 | D:3      | Found Xacungi's Assorted Antiques.
  2220 | D:3      | Bought a scroll labelled WUPANATEGO for 26 gold pieces
  2220 | D:3      | Bought a scroll labelled VEIC KIRISKY for 26 gold pieces
  2327 | D:3      | Killed from afar by an orc wizard

Illustrated notes

Levels and vault maps discovered:
D:1:      spicycebolla_arrival_ecumenical, layout_loops_ring
D:2:      layout_loops_ring, serial_co_window_serial, co_window_paths_b,
          co_window_cross_1, co_window_corner_a, co_window_corner_a,
          co_window_corner_a, co_window_corner_ca, co_window_cross_3,
          co_window_of_opportunity_b, co_window_unsneaky_path_a,
          co_window_2corner, co_window_broadway_b, glass_columns_a,
          glass_columns_a, glass_columns_b, glass_columns_a, glass_columns_c,
          serial_shops, nicolae_diamond_shop, nicolae_shop_behind_doors,
          nicolae_shop_behind_doors, shop_fountains, uniq_sigmund
D:3:      layout_loops_corners, serial_shops, shop, moated_statue,
          goddamned_bats, uniq_ijyb

Skill      XL: |  1  2  3  4  5 |
---------------+----------------+-----
Stealth        | 2 |  2.0
Fighting       | 4 |  4.8
Polearms       | 4 |  4.8
Throwing       | 1 2 |  2.0
Dodging        | 4 |  4.3

Action                   |  1- 3 |  4- 6 || total
-------------------------+-------+-------++-------
Melee: Spear             |    87 |    79 ||   166
       Headbutt          |    13 |     9 ||    22
Throw: Throwing net      |       |     1 ||     1
  Use: Scroll            |     6 |     2 ||     8
 Stab: Sleeping          |     5 |     4 ||     9
Armor: Robe              |    15 |    10 ||    25
Dodge: Dodged            |    65 |    68 ||   133

Table legend: (Time is in decaauts)
 A = Elapsed time spent in this place.
 B = Non-inter-level travel time spent in this place.
 C = Inter-level travel time spent in this place.
 D = Time resting spent in this place.
 E = Time spent auto-exploring this place.
 F = Levels seen in this place.
 G = Mean time per level.
                   A        B        C        D        E       F      G
               +--------+--------+--------+--------+--------+-----+--------+
         Total |   2308 |   2280 |     28 |    118 |   1835 |   3 |  769.3 |
       Dungeon |   2308 |   2280 |     28 |    118 |   1835 |   3 |  769.3 |
               +--------+--------+--------+--------+--------+-----+--------+

Top non-repeatable levels by time:
     D:1: 948 daAuts
     D:2: 947 daAuts
     D:3: 412 daAuts
